 Dungeon Crawl Stone Soup version 0.14-a0-1876-g927fc3a (webtiles) character file.

673 Deemzul the Martial Artist (level 7, 0/46 HPs)
             Began as an Octopode Monk on Jan 15, 2014.
             Slain by an iguana (6 damage)
             ... on Level 5 of the Dungeon.
             The game lasted 00:10:12 (4345 turns).

Deemzul the Martial Artist (Octopode Monk)          Turns: 4345, Time: 00:10:12

HP   0/46        AC  1     Str  6 (7)  XL: 7   Next: 13%
MP   7/7         EV 12     Int 13      God:
Gold 187         SH  8     Dex 15      Spells:  0 memorised,  6 levels left

rFire  . . .     SeeInvis .       - Unarmed
rCold  . . .     Clarity  .     u - +1 buckler
rNeg   . . .     Conserve .     (helmet restricted)
rPois  .         rCorr    .     (no amulet)
rElec  .         rRot     .     (no ring)
SustAb . .       Spirit   .     (no ring)
rMut   .         Warding  .     (no ring)
Saprov . . .     Stasis   .     (no ring)
MR     .....                    (no ring)
                                (no ring)
                                (no ring)
                                (no ring)

@: not resistant to hostile enchantments, quite stealthy
A: almost no armour, amphibious, 8 rings, constrict 8, camouflage 1, weak 2,
gelatinous body 1
a: no special abilities


You were on level 5 of the Dungeon.
You were not hungry.

You visited 1 branch of the dungeon, and saw 5 of its levels.
You also visited: Ossuary.

You collected 187 gold pieces.

Inventory:

Hand weapons
 r - a cursed +0 blowgun
Missiles
 f - a dart (quivered)
 s - 17 poisoned needles
Armour
 u - a +1 buckler (worn)
Magical devices
 o - a wand of enslavement (3)
 y - a wand of flame (13)
Comestibles
 a - 2 meat rations
 b - 2 bread rations
 l - a banana
 n - an apple
Scrolls
 c - 8 scrolls of immolation
 d - 3 scrolls of curse weapon {unknown}
 e - 2 scrolls of remove curse
 g - 9 scrolls of identify
 m - a scroll of curse armour {unknown}
 p - 3 scrolls of teleportation
 v - a scroll of enchant armour {unknown}
Potions
 h - 4 potions of curing
 i - 3 potions of restore abilities
 q - a potion of speed
 x - a potion of lignification
 z - a potion of paralysis
Carrion
 w - a rat corpse


   Skills:
 - Level 3.0 Fighting
 - Level 3.0 Dodging
 - Level 3.0 Stealth
 + Level 8.3 Unarmed Combat


You had 6 spell levels left.
You didn't know any spells.

Dungeon Overview and Level Annotations

Branches:
Dungeon (5/16)
 Temple: D:4-7

Altars:
Ashenzari
the Shining One


Innate Abilities, Weirdness & Mutations

You cannot wear most types of armour.
You are amphibious.
You can wear up to eight rings at the same time.
You can use your tentacles to constrict many enemies at once.
Your skin changes colour to match your surroundings (Stlth).
Your rubbery body absorbs attacks (AC +1).
You are very weak. (Str -4)


Message History

The arrow of flame hits you!
* * * LOW HITPOINT WARNING * * *
Found a scale mail.
You see here an arrow of flame.
You hear the slow rusting of a drain, a long way away.
Drink which item? (? for menu, Esc to quit)
Okay, then.
Unknown command.
Read which item? (? for menu, Esc to quit)
As you read the scroll of fog, it crumbles to dust.
The scroll dissolves into smoke.
An iguana comes into view.
You hit the iguana. Your grab misses the iguana.
The iguana is moderately wounded.
The iguana barely misses you.
You bludgeon the iguana! Your grab misses the iguana.
Your squeeze misses the iguana.
The iguana is severely wounded.
The iguana bites you.
You die...

...>..........#
##...###### [.#
#...# .)#
.)...# #.#
.#....#
##.#####..#
.#.!#.#
#.(....c$#
...#...
#.###.##.####
.#.###.# #§#
#.l....... .
J....####§###@#
#.
##......§§§§§§#
. .######§###§#
#§# .# #.# .#
#.# .# #.# .#
#.# .# ######.#
.#


You could see an iguana.

Vanquished Creatures
  A sky beast (D:5)
  The ghost of Deemzul the Insei, an average OpMo (D:4)
  3 human zombies (Ossuary)
  A worker ant (D:5)
  Jessica (D:3)
  3 mummies (Ossuary)
  5 adders
  A gnoll (D:1)
  3 worms
  4 giant geckos
  2 oozes (D:1)
  2 orcs
  A ball python (D:2)
  8 bats
  2 gnoll zombies (Ossuary)
  3 hobgoblins
  3 jackals (D:4)
  2 quokkas (D:3)
  3 giant cockroaches
  4 giant newts
  10 goblins
  A goblin skeleton (D:5)
  17 kobolds
  2 kobold skeletons
  3 orc zombies (Ossuary)
  6 rats
92 creatures vanquished.

Notes
Turn   | Place    | Note
--------------------------------------------------------------
     0 | D:1      | Deemzul, the Octopode Monk, began the quest for the Orb.
     0 | D:1      | Reached XP level 1. HP: 16/16 MP: 1/1
    10 | D:1      | Reached XP level 2. HP: 19/21 MP: 2/2
   333 | D:1      | Reached XP level 3. HP: 9/26 MP: 3/3
   629 | D:1      | Reached skill level 5 in Unarmed Combat
  1213 | D:2      | Reached XP level 4. HP: 16/31 MP: 4/4
  1722 | D:3      | Noticed Jessica
  1741 | D:3      | Killed Jessica
  2036 | D:3      | Reached skill level 6 in Unarmed Combat
  2299 | D:3      | Reached XP level 5. HP: 36/36 MP: 5/5
  2360 | D:3      | Found a shattered altar of Ashenzari.
  2365 | D:3      | Saw a vision of the Shoals and the Spider Nest.
  2365 | D:3      | Noticed a merfolk
  2365 | D:3      | Noticed a centaur
  2365 | D:3      | Noticed a hippogriff
  2365 | D:3      | Noticed a redback
  2365 | D:3      | Noticed a merfolk
  2366 | D:3      | Noticed a merfolk
  2368 | D:3      | Noticed a yellow wasp
  2414 | D:3      | Found a glowing golden altar of the Shining One.
  2418 | D:3      | Gained mutation: You are weak. (Str -2) [potion of mutation]
  2418 | D:3      | Gained mutation: You are very weak. (Str -4) [potion of mutation]
  2418 | D:3      | Gained mutation: You are dopey. (Int -2) [potion of mutation]
  2821 | D:4      | Found a sand-covered staircase.
  2827 | Ossuary  | Entered an ossuary
  3120 | Ossuary  | Reached skill level 7 in Unarmed Combat
  3120 | Ossuary  | Reached XP level 6. HP: 17/42 MP: 6/6
  3486 | D:4      | Noticed Deemzul's ghost (average OpMo)
  3759 | D:4      | HP: 2/42 [Deemzul's ghost (7)]
  3761 | D:4      | Killed Deemzul's ghost
  3979 | D:5      | Entered Level 5 of the Dungeon
  4183 | D:5      | Reached skill level 8 in Unarmed Combat
  4183 | D:5      | Reached XP level 7. HP: 7/46 MP: 7/7
  4211 | D:5      | Lost mutation: You are dopey. (Int -2) [mutagenic meat]
  4345 | D:5      | Slain by an iguana

Action                   |  1- 3 |  4- 6 |  7- 9 || total
-------------------------+-------+-------+-------++-------
Melee: Unarmed           |    69 |   168 |    17 ||   254
Evoke: Wand              |       |     2 |       ||     2
  Use: Potion            |       |    13 |       ||    13
       Scroll            |       |    13 |     1 ||    14
 Stab: Sleeping          |     3 |    13 |     3 ||    19
